 Dungeon Crawl Stone Soup version 0.16-a0-3134-g9b1347a (webtiles) character file.

77 Cirno the Sneak (level 4, -1/21 HPs)
             Began as a Spriggan Enchanter on Dec 14, 2014.
             Was an Initiate of Dithmenos.
             Slain by jazmu's ghost (17 damage)
             ... on level 3 of the Dungeon.
             The game lasted 00:09:29 (1800 turns).

Cirno the Sneak (Spriggan Enchanter)                Turns: 1800, Time: 00:09:30

Health: -1/21      AC:  3    Str:  4    XL:     4   Next: 14%
Magic:  9/13       EV: 19    Int: 16    God:    Dithmenos [......]
Gold:   94         SH:  0    Dex: 17    Spells: 3 memorised, 3 levels left

rFire  . . .     SeeInvis +     a - +1 dagger
rCold  . . .     Clarity  .     b - +1 robe
rNeg   . . .     SustAb   .     (shield restricted)
rPois  .         Gourm    .     (helmet restricted)
rElec  .         Spirit   .     (no cloak)
rCorr  .         Warding  .     (gloves unavailable)
rMut   .         Stasis   .     (boots unavailable)
MR     .....                    (no amulet)
Stlth  ++++......               (no ring)
                                (no ring)

@: very quick, not resistant to hostile enchantments, stealthy
A: unfitting armour, see invisible, herbivore 3, speed 3, slow metabolism 2
a: Renounce Religion


You were on level 3 of the Dungeon.
You worshipped Dithmenos.
Dithmenos was noncommittal.
You were not hungry.

You visited 1 branch of the dungeon, and saw 3 of its levels.

You collected 94 gold pieces.

Inventory:

Hand weapons
 a - a +1 dagger (weapon)
Armour
 b - a +1 robe (worn)
 m - a +0 robe
 p - a +0 robe
Scrolls
 e - a scroll of fog {unknown}
 f - 3 scrolls of identify
 g - a scroll of teleportation {unknown}
 k - a scroll of remove curse {unknown}
 o - a scroll of noise {unknown}
 q - 2 scrolls of enchant armour {unknown}
 s - a scroll of amnesia {unknown}
Potions
 h - a potion of beneficial mutation {unknown}
 j - a potion of might {unknown}
 l - a potion of degeneration {unknown}
 n - a potion of haste {unknown}
 r - a potion of heal wounds {unknown}
Books
 c - a book of Maledictions

   Spells                             Type                      Level
   a - Corona                         Hexes                        1
   b - Sure Blade                     Hexes/Charms                 2
   c - Ensorcelled Hibernation        Hexes/Ice                    2
   d - Confuse                        Hexes                        3
   e - Dazzling Spray                 Conjuration/Hexes            3
   f - Enslavement                    Hexes                        4
Comestibles
 d - 2 bread rations
 i - a fruit


   Skills:
 + Level 0.2 Fighting
 + Level 1.9 Short Blades
 + Level 3.9 Dodging
 + Level 5.8 Stealth
 + Level 3.0 Spellcasting
 + Level 3.9 Hexes
 + Level 0.4 Ice Magic


You had 3 spell levels left.
You knew the following spells:

 Your Spells              Type           Power        Failure   Level  Hunger
a - Corona                Hex            ###....      4%          1    #......
b - Ensorcelled Hibernat  Hex/Ice        #.....       14%         2    ##.....
c - Confuse               Hex            ###.....     12%         3    ###....


Dungeon Overview and Level Annotations

Branches:
Dungeon (3/15)

Altars:
Cheibriados
Dithmenos

Annotations:
D:3 jazmu's ghost, average MiGl


Innate Abilities, Weirdness & Mutations

You are tiny and cannot use many weapons and most armour.
You have supernaturally acute eyesight.
You are a herbivore.
You cover ground extremely quickly.
You need consume almost no food.


Message History

You hit jazmu's ghost but do no damage.
Jazmu's ghost is heavily damaged.
Jazmu's ghost closely misses you.
You hit jazmu's ghost but do no damage.
Jazmu's ghost is heavily damaged.
Jazmu's ghost barely misses you.
You hit jazmu's ghost but do no damage.
Jazmu's ghost is heavily damaged.
Jazmu's ghost closely misses you.
You hit jazmu's ghost.
Jazmu's ghost is heavily damaged.
Jazmu's ghost hits you.
Casting: Confuse
Confirm with . or Enter, or press ? or * to list all spells.
Aiming: Confuse
Press: ? - help, Shift-Dir - straight line, f/p - jazmu's ghost
Aim: jazmu's ghost (heavily damaged) Jazmu's ghost resists with some effort.
Jazmu's ghost hits you!
Ouch! That really hurt!
You die...

#.# #.# #.# #.# .. #<#
.... #.# ...!. #.#
#########..... #.#
#.##.$W....(..# ##.##
####.##..@.#
#...####.)[.......#.#.#.
#.#......##.............#
#...##########..###.###.
##### #..# ... #..# #...
#..# .. #..# #..#


You could see jazmu's ghost.

Vanquished Creatures
  2 adders (D:2)
  A giant mite (D:2)
  A giant gecko (D:2)
  2 oozes
  4 bats
  5 hobgoblins
  3 giant cockroaches (D:1)
  3 giant newts
  9 goblins
  8 jackals
  3 kobolds (D:1)
  4 quokkas (D:2)
  3 rats
48 creatures vanquished.

Notes
Turn   | Place    | Note
--------------------------------------------------------------
     0 | D:1      | Cirno, the Spriggan Enchanter, began the quest for the Orb.
     0 | D:1      | Reached XP level 1. HP: 9/9 MP: 4/4
    86 | D:1      | Reached skill level 5 in Stealth
    86 | D:1      | Reached XP level 2. HP: 13/13 MP: 7/7
    98 | D:1      | Learned a level 2 spell: Ensorcelled Hibernation
   721 | D:2      | Reached XP level 3. HP: 7/16 MP: 6/9
   734 | D:2      | Learned a level 3 spell: Confuse
   936 | D:2      | Found a shadowy altar of Dithmenos.
   940 | D:2      | Became a worshipper of Dithmenos the Shadowed
  1245 | D:2      | Reached XP level 4. HP: 21/21 MP: 13/13
  1314 | D:2      | Found a snail-covered altar of Cheibriados.
  1746 | D:3      | Noticed jazmu's ghost (average MiGl)
  1800 | D:3      | Slain by jazmu's ghost

Action                   |  1- 3 |  4- 6 || total
-------------------------+-------+-------++-------
Melee: Dagger            |   123 |    44 ||   167
 Cast: Ensorcelled Hiber |     7 |       ||     7
       Confuse           |       |     2 ||     2
  Use: Scroll            |     1 |       ||     1
 Stab: Sleeping          |    17 |     3 ||    20
       Confused          |       |     1 ||     1
